 Dungeon Crawl Stone Soup version 0.25-a0-690-g234afa57d4 (webtiles) character file.

Game seed: 11539939709882787287, levelgen mode: deterministic

33 Esekla the Skirmisher (level 3, 0/30 HPs)
             Began as a Formicid Abyssal Knight on Mar 31, 2020.
             Was a Follower of Lugonu.
             Slain by an adder (2 damage)
             ... on level 2 of the Dungeon.
             The game lasted 00:07:53 (1019 turns).

Esekla the Skirmisher (Formicid Abyssal Knight)     Turns: 1019, Time: 00:07:53

Health: 0/30       AC:  3    Str: 17    XL:     3   Next: 47%
Magic:  4/4        EV: 10    Int: 11    God:    Lugonu [*.....]
Gold:   126        SH:  3    Dex: 10    Spells: 2/2 levels left

rFire    . . .     SeeInvis +   a - +1 falchion
rCold    . . .     Gourm    .   j - +0 buckler
rNeg     . . .     Faith    .   b - +0 leather armour
rPois    .         Spirit   .   (helmet unavailable)
rElec    .         Reflect  .   (no cloak)
rCorr    .         Harm     .   (no gloves)
MR       .....                  (no boots)
Stlth    +.........             (no amulet)
HPRegen  0.10/turn              (no ring)
MPRegen  0.09/turn              (no ring)

@: lethally poisoned (0 -> -9)
A: permanent stasis, dig shafts and tunnels, four strong arms, antennae 3
a: Dig, Shaft Self, Depart the Abyss, Renounce Religion


You were on level 2 of the Dungeon.
You worshipped Lugonu.
Lugonu was aware of your devotion.
You were hungry.

You visited 1 branch of the dungeon, and saw 2 of its levels.
You visited the Abyss 1 time.

You collected 126 gold pieces.

Inventory:

Hand Weapons
 a - a +1 falchion (weapon)
 i - a +0 dagger
Armour
 b - a +0 leather armour (worn)
 j - a +0 buckler (worn)
Wands
 e - a wand of iceblast (13)
Scrolls
 d - a scroll of holy word {unknown}
 f - a scroll of noise
 g - a scroll of teleportation
 h - a scroll of identify {unknown}
 k - a scroll of blinking {unknown}
 m - a scroll of amnesia {unknown}
 n - a scroll of fear {unknown}
Potions
 l - a potion of curing {unknown}
 o - a potion of berserk rage {unknown}
Comestibles
 c - 3 rations


   Skills:
 * Level 4.2 Fighting
 + Level 2.1 Long Blades
 + Level 2.6 Armour
 + Level 0.8 Dodging
 * Level 0.8 Shields
 + Level 2.2 Invocations


You had 2 spell levels left.
You didn't know any spells.
Your spell library was empty.

Dungeon Overview and Level Annotations

Branches:
Dungeon (2/15)

Altars:


Innate Abilities, Weirdness & Mutations

You cannot be hasted, slowed, berserked, paralysed or teleported.
You can dig through walls and to a lower floor.
Your four strong arms can wield two-handed weapons with a shield.
You have a pair of large antennae on your head. (SInv)


Message History

The adder poisons you!
Okay, then.
You miss the adder. The adder bites you.
* * * LOW HITPOINT WARNING * * *
You are more poisoned.
The adder poisons you! The adder closely misses you.
As you read the scroll labeled IJOSEM HENERAU, it crumbles to dust.
You hear a loud clanging noise!
It was a scroll of noise.
* * * LOW HITPOINT WARNING * * *
You feel sick.
You hear a shout! x3
The adder closely misses you.
As you read the scroll labeled VOTSALU YPIOWK, it crumbles to dust.
You feel a strange sense of stasis.
It was a scroll of teleportation.
* * * LOW HITPOINT WARNING * * *
You feel sick. The adder bites you but does no damage.
* * * LOW HITPOINT WARNING * * *
You feel sick. The adder bites you.
You die...

..... # ### ...... . ....
...... ###.#.... ......
....... .....g..##.#.. .
#.......h...# ## # ..
...........# ♣.# ## .#...
...##.#.{####.####.##.... ..#
#.#{{#.#@###.#....# #.#
#.#.#.♣S###.⌠.#.# ##.# #.#
#.#.h#h###.#.#..#.....
##.###.##.K#.#.#.##......#
##...#.#.#.###.⌠.###.####..#
#.....###...#.#.###..## .
#....#.#...#.###.#.#..#
#.#.###.#.#.♣.# #.⌠.#.#
###.#)###.#..#.#.###.#..#####.


You could see an adder, a jackal and a kobold.

Vanquished Creatures
  A dart slug (D:2)
  3 bats
  2 giant cockroaches (D:1)
  4 hobgoblins (D:1)
  4 jackals (D:1)
  A quokka (D:2)
  A ball python (D:2)
  3 goblins (D:1)
  6 kobolds (D:1)
  3 rats (D:1)
28 creatures vanquished.

Notes
Turn   | Place    | Note
-------+----------+-------------------------------------------
     0 | Abyss:1  | Esekla the Formicid Abyssal Knight began the quest for the
                  | Orb.
     0 | Abyss:1  | Reached XP level 1. HP: 18/18 MP: 2/2
    57 | Abyss:3  | Found a sacrificial altar of Ru,
    98 | Abyss:4  | Noticed a chaos spawn
   104 | D:1      | Escaped the Abyss
   275 | D:1      | Reached XP level 2. HP: 19/24 MP: 3/3
   289 | D:1      | Reached * piety under Lugonu
   295 | D:1      | Reached skill level 4 in Fighting
   413 | D:1      | Reached XP level 3. HP: 23/30 MP: 4/4
  1019 | D:2      | Slain by an adder

Levels and vault maps discovered:
D:1:      dpeg_arrival_rhombi, layout_loops_ring, minmay_3d_cube
D:2:      layout_loops_ring, nicolae_overflow_crystal_walls,
          hangedman_decor_clover_reticule, grunt_decor_mini_mirrors,
          minivault_25, minmay_hexomino_p4

Skill      XL: |  1  2 |
---------------+-------+-----
Fighting       | 4 |  4.2
Long Blades    | |  2.1
Armour         | |  2.6
Dodging        | |  0.8
Shields        | |  0.8
Invocations    | |  2.2

Action                   || total
-------------------------++-------
Melee: Falchion          ||    91
Invok: Depart the Abyss  ||     1
  Use: Scroll            ||     2
Armor: Leather armour    ||    60
Dodge: Dodged            ||    52
Block: Buckler           ||    12
       Rpst.: Falchion   ||    16

Table legend:
 A = Non-vault XP
 B = Vault XP
 C = Vault XP percentage of total XP
 D = Non-vault monster count
 E = Vault monster count
 F = Vault count percentage of total count
                 A         B        C        D         E       F
            +---------+---------+-------+---------+---------+-------
      Total |      42 |       6 |  12.5 |      24 |       4 |  14.3
            +---------+---------+-------+---------+---------+-------
        D:1 |      31 |       6 |  16.2 |      19 |       4 |  17.4
        D:2 |      11 |       0 |   0.0 |       5 |       0 |   0.0
            +---------+---------+-------+---------+---------+-------
